 Dungeon Crawl Stone Soup version 0.20-a0-556-g892c87b (webtiles) character file.

6414 Derfel the Jinx (level 10, -2/51 HPs)
             Began as a Spriggan Enchanter on Feb 4, 2017.
             Was a Priest of Dithmenos.
             Blown up by a tengu conjurer (17 damage)
             ... with a wand of disintegration (?/24)
             ... on level 9 of the Dungeon.
             The game lasted 00:42:43 (12702 turns).

Derfel the Jinx (Spriggan Enchanter)               Turns: 12702, Time: 00:42:44

Health: -2/51      AC:  3    Str:  4    XL:     10   Next: 66%
Magic:  1/17       EV: 27    Int: 19    God:    Dithmenos [***...]
Gold:   372        SH:  0    Dex: 18    Spells: 6/17 levels left

rFire    . . .     SeeInvis +   a - +3 dagger (venom)
rCold    . . .     Gourm    .   i - +1 robe
rNeg     . . .     Faith    .   (shield restricted)
rPois    .         Spirit   .   (helmet restricted)
rElec    .         Reflect  .   (no cloak)
rCorr    .         Harm     .   (gloves unavailable)
MR       +....                  (boots unavailable)
Stlth    +++++++...             (no amulet)
Regen    0.2/turn               (no ring)
                                (no ring)

@: wreathed by umbra, very quick
A: unfitting armour, see invisible, herbivore 3, speed 3, sense surroundings 1,
slow metabolism 2
a: Shadow Step, Renounce Religion


You were on level 9 of the Dungeon.
You worshipped Dithmenos.
Dithmenos was most pleased with you.
You were not hungry.

You visited 2 branches of the dungeon, and saw 10 of its levels.

You collected 372 gold pieces.

Inventory:

Hand Weapons
 a - a +3 dagger of venom (weapon)
 b - a +0 hunting sling
 w - a +2 rapier of protection
 C - the +0 short sword of Destiny {pierce, rC+ Int+4}
   (You found it on level 7 of the Dungeon)

   It inflicts extra damage upon your enemies.
   It affects your intelligence (+4).
   It protects you from cold.
Missiles
 m - 430 stones (quivered)
 B - 4 throwing nets
Armour
 i - a +1 robe (worn)
Jewellery
 r - an uncursed amulet of the gourmand
Wands
 A - a wand of enslavement (12/24)
 G - a wand of acid (4/15)
Scrolls
 e - a scroll of blinking
 g - 2 scrolls of enchant weapon {unknown}
 j - 2 scrolls of enchant armour
 k - 2 scrolls of amnesia
 n - a scroll of immolation
 p - 6 scrolls of remove curse {@r2}
 t - 4 scrolls of teleportation {unknown}
 x - a scroll of vulnerability {unknown}
 D - a scroll of fear {unknown}
 H - a scroll of recharging {unknown}
Potions
 f - a potion of haste
 l - a potion of berserk rage
 o - 7 potions of curing {@q1}
 q - a potion of magic
 s - a potion of mutation
 u - a potion of brilliance {unknown}
 v - 5 potions of heal wounds {@q2}
 z - a potion of lignification {unknown}
 F - a potion of agility {unknown}
 I - a potion of invisibility {unknown}
Books
 c - a book of Maledictions

   Spells                             Type                      Level
   a - Corona                         Hexes                        1
   b - Ensorcelled Hibernation        Hexes/Ice                    2
   c - Confuse                        Hexes                        3
   d - Tukima's Dance                 Hexes                        3
   e - Dazzling Spray                 Conjuration/Hexes            3
 y - a book of Battle

   Spells                             Type                      Level
   a - Infusion                       Charms                       1
   b - Shroud of Golubria             Charms/Translocation         2
   c - Song of Slaying                Charms                       2
   d - Spectral Weapon                Hexes/Charms                 3
   e - Regeneration                   Charms/Necromancy            3
 E - a book of Frost

   Spells                             Type                      Level
   a - Freeze                         Ice                          1
   b - Throw Frost                    Conjuration/Ice              2
   c - Ozocubu's Armour               Charms/Ice                   3
   d - Throw Icicle                   Conjuration/Ice              4
   e - Summon Ice Beast               Ice/Summoning                4
Comestibles
 d - 10 bread rations


   Skills:
 + Level 5.4 Fighting
 - Level 1.1 Short Blades
 - Level 10.3 Dodging
 + Level 11.9 Stealth
 - Level 4.4 Spellcasting
 * Level 12.6 Hexes


You had 6 spell levels left.
You knew the following spells:

 Your Spells              Type           Power        Failure   Level  Hunger
b - Ensorcelled Hibernat  Hex/Ice        ####..       1%          2    #......
c - Confuse               Hex            ######..     1%          3    ###....
d - Dazzling Spray        Conj/Hex       ####..       3%          3    ###....
e - Tukima's Dance        Hex            ######..     1%          3    ###....


Dungeon Overview and Level Annotations

Branches:
Dungeon (9/15)             Temple (1/1) D:6
   Lair: D:8-11         Orc: D:9-12

Altars:
Ashenzari
Dithmenos
Elyvilon
Fedhas
Gozag
Hepliaklqana
Kikubaaqudgha
Nemelex Xobeh
Qazlal
Sif Muna
Uskayaw
Xom
Zin
The Shining One

Shops:
D:4 (

Annotations:
D:6 exclusion: oklob sapling


Innate Abilities, Weirdness & Mutations

You are very small and have problems with some larger weapons.
You are too small for most types of armour.
You have supernaturally acute eyesight. (SInv)
You are a herbivore.
You cover ground extremely quickly.
You need consume almost no food.
You passively map a small area around you.


Message History

The vampire mosquito is lightly damaged.
The vampire mosquito closely misses the vampire mosquito.
You catch the helpless vampire mosquito completely off-guard!
You impale the vampire mosquito!!
The vampire mosquito is almost destroyed.
The vampire mosquito bites you!
The vampire mosquito draws strength from your injuries!
The vampire mosquito misses you.
Casting: Confuse
Confirm with . or Enter, or press ? or * to list all spells.
You don't have enough magic to cast that spell.
The vampire mosquito bites the vampire mosquito!
The tengu conjurer points at you and mumbles some strange words.
The bolt of lightning misses you.
The battlesphere fires!
The barrage of energy hits you!
* * * LOW HITPOINT WARNING * * *
The tengu warrior shouts!
There is an open door here.
The tengu conjurer zaps a wand.
You are blasted!
You die...

#. ... #.........Q....≈Q #.# #*
*#.#y##..Q#.##.[≈§ ≈ #.#,
#.#y##...#.# ,.≈ , #.#
#.#.##...#.# , ≈ ≈ #.# ,,
..#y##Q..#.##. §§§≈
####.#########y#...*#..#.....≈≈ .
...............'.............. .
.......#####...#....##..##..# ##
...............#@...........#.. ,
.†......####...#...####.....#.#,
........#..'...'...+.....#..#.#,
........#.##...#...# #........# ,
........#.########## #.#.#....#,
........#.# #.#..^[..#
........#.########## #.##.....###
........#.#........###.##).......
####..#.#.#.##.......#.###5..####


You could see a tengu warrior, a tengu conjurer, 2 vampire mosquitoes and a
battlesphere.

Vanquished Creatures
  A two-headed ogre (D:7)
  The ghost of Spectrina the Geomancer, a novice FoEE of Hepliaklqana (D:8)
  A cyclops (D:7)
  A centaur skeleton (D:6)
  A wyvern (D:9)
  A hungry ghost (D:8)
  Edmund (D:4)
  Duvessa (D:6)
  A water moccasin (D:9)
  3 orc warriors
  An ice beast (D:8)
  2 black bears
  An eye of draining (D:8)
  A sky beast (D:7)
  3 phantoms
  3 ogres
  A centaur (D:8)
  A crocodile (D:8)
  7 bullfrogs
  A wyvern zombie (D:8)
  Dowan (D:6)
  3 scorpions
  3 howler monkeys (D:9)
  3 crimson imps
  A jelly (D:8)
  4 orc priests
  A hound (D:4)
  10 orc wizards
  5 iguanas
  Natasha (D:4)
  12 worker ants
  A hound skeleton (D:7)
  2 worker ant zombies (D:8)
  Robin (D:4)
  13 gnolls
  A howler monkey skeleton (D:8)
  4 river rats (D:7)
  11 adders
  A shadow imp (D:9)
  An ooze (D:1)
  An adder zombie (D:5)
  An adder skeleton (D:6)
  5 worms
  5 dart slugs
  6 leopard geckos
  25 orcs
  9 bats
  5 giant cockroaches
  10 hobgoblins
  6 jackals
  6 quokkas
  A ball python (D:7)
  5 frilled lizards
  14 goblins
  7 kobolds
  A leopard gecko zombie (D:5)
  8 rats
  3 plants (D:7)
230 creatures vanquished.

Vanquished Creatures (collateral kills)
  A two-headed ogre (D:8)
  A centaur skeleton (D:8)
2 creatures vanquished.

Vanquished Creatures (others)
  A dancing weapon (D:6)
  A hobgoblin (D:2)
  10 plants
12 creatures vanquished.

Grand Total: 244 creatures vanquished

Notes
Turn   | Place    | Note
-------+----------+-------------------------------------------
     0 | D:1      | Derfel the Spriggan Enchanter began the quest for the Orb.
     0 | D:1      | Reached XP level 1. HP: 9/9 MP: 5/5
   173 | D:1      | Reached XP level 2. HP: 13/13 MP: 6/6
   182 | D:1      | Learned a level 2 spell: Ensorcelled Hibernation
   765 | D:1      | Reached skill level 4 in Hexes
   819 | D:1      | Reached skill level 5 in Stealth
  1041 | D:1      | Reached XP level 3. HP: 6/16 MP: 0/8
  1913 | D:2      | Found a faded altar of an unknown god.
  2508 | D:2      | Found a stormy altar of Qazlal.
  2602 | D:2      | Reached XP level 4. HP: 21/21 MP: 8/10
  3364 | D:3      | Reached skill level 5 in Hexes
  3364 | D:3      | Reached XP level 5. HP: 24/24 MP: 7/11
  4485 | D:3      | Learned a level 3 spell: Confuse
  4489 | D:3      | Learned a level 3 spell: Dazzling Spray
  4493 | D:3      | Learned a level 3 spell: Tukima's Dance
  4611 | D:4      | Noticed Robin
  4732 | D:4      | Killed Robin
  5084 | D:4      | Reached skill level 5 in Dodging
  5084 | D:4      | Reached XP level 6. HP: 21/28 MP: 1/13
  5326 | D:4      | Gained mutation: You passively map a small area around you. [potion of beneficial mutation]
  5542 | D:4      | Reached skill level 6 in Hexes
  5552 | D:4      | Noticed Natasha
  5555 | D:4      | Killed Natasha
  5562 | D:4      | Found Wymia's Weapon Shop.
  5837 | D:4      | Reached XP level 7. HP: 32/32 MP: 9/14
  5885 | D:4      | Noticed Edmund
  5903 | D:4      | Killed Edmund
  5903 | D:4      | Reached skill level 1 in Fighting
  6093 | D:5      | Entered Level 5 of the Dungeon
  6109 | D:5      | Reached skill level 7 in Hexes
  6805 | D:5      | Reached XP level 8. HP: 39/39 MP: 5/15
  7079 | D:6      | Noticed Dowan
  7080 | D:6      | Noticed Duvessa
  7342 | D:6      | Reached skill level 8 in Hexes
  7528 | D:6      | Killed Duvessa
  7530 | D:6      | Killed Dowan
  7791 | D:6      | Found a shattered altar of Ashenzari.
  7831 | D:6      | Found a staircase to the Ecumenical Temple.
  7839 | D:6      | Reached skill level 9 in Hexes
  7892 | Temple   | Entered the Ecumenical Temple
  8284 | Temple   | Became a worshipper of Dithmenos the Shadowed
  8678 | D:6      | Reached XP level 9. HP: 44/44 MP: 8/16
  9118 | D:7      | Noticed a two-headed ogre
  9201 | D:7      | Reached skill level 10 in Hexes
  9855 | D:7      | Killed a two-headed ogre
  9855 | D:7      | Reached * piety under Dithmenos
  9855 | D:7      | Reached skill level 10 in Stealth
  9897 | D:7      | Found a glowing silver altar of Zin.
 10034 | D:7      | Reached skill level 11 in Hexes
 10116 | D:7      | Noticed a cyclops
 10130 | D:7      | Killed a cyclops
 10211 | D:7      | Got a jewelled short sword
 10298 | D:7      | Reached XP level 10. HP: 51/51 MP: 12/17
 10751 | D:8      | Reached skill level 10 in Dodging
 10758 | D:8      | Reached ** piety under Dithmenos
 10904 | D:8      | Noticed a two-headed ogre
 10929 | D:8      | Killed a two-headed ogre
 11189 | D:8      | Identified the cursed +0 short sword of Destiny {pierce, rC+ Int+4} (You found it on level 7 of the Dungeon)
 11428 | D:8      | Noticed Spectrina's ghost (novice FoEE)
 11445 | D:8      | Killed Spectrina's ghost
 11445 | D:8      | Reached skill level 5 in Fighting
 11445 | D:8      | Reached skill level 12 in Hexes
 12349 | D:9      | Reached *** piety under Dithmenos
 12643 | D:9      | Noticed a tengu warrior
 12702 | D:9      | Blown up by a tengu conjurer

Vault maps used:
D:1:      co_arrival_random_square_maze
D:2:      minmay_wonky_spiral, chequers_ecumenical_altar_simple,
          minmay_misc_feat_encased, nicolae_qazlal_eye_of_the_storm
D:4:      serial_shops, nicolae_shop_window_shopping, uniq_robin, uniq_edmund,
          uniq_natasha
D:5:      first_bread
D:6:      minmay_temple_entry_oklob, nicolae_ashenzari_panopticon, uniq_duvessa
D:7:      wad_woods_stonehenge
D:8:      grunt_ogre_cave
D:9:      minmay_lair_entry_lava, uniq_erolcha
Temple:   kilobyte_greek_temple

Skill      XL: |  1  2  3  4  5  6  7  8  9 10 |
---------------+-------------------------------+-----
Hexes          | 4 5 6 7 9 11 12 | 12.6
Spellcasting   | 3 4 |  4.4
Stealth        | 5 6 7 9 11 | 11.9
Dodging        | 4 5 6 8 9 10 | 10.3
Fighting       | 2 3 4 5 |  5.4
Short Blades   | |  1.1

Action                   |  1- 3 |  4- 6 |  7- 9 | 10-12 || total
-------------------------+-------+-------+-------+-------++-------
Melee: Dagger            |   146 |   116 |   194 |   187 ||   643
Throw: Stone             |    10 |    13 |     7 |       ||    30
 Cast: Corona            |     2 |       |       |       ||     2
       Ensorcelled Hiber |    27 |    80 |    88 |    27 ||   222
       Confuse           |       |       |    22 |    24 ||    46
       Tukima's Dance    |       |       |    10 |     1 ||    11
       Dazzling Spray    |       |       |       |    13 ||    13
  Use: Potion            |     1 |     1 |       |       ||     2
       Scroll            |     1 |     6 |     1 |     5 ||    13
 Stab: Sleeping          |    29 |    56 |    52 |    26 ||   163
       Confused          |       |       |    13 |    11 ||    24
       Invisible         |       |       |       |     2 ||     2
  Eat: Bread ration      |       |     1 |     2 |       ||     3
       Fruit             |       |       |     1 |     3 ||     4
Armor: Robe              |    24 |    15 |    10 |     3 ||    52
Dodge: Dodged            |   161 |    67 |   109 |   113 ||   450
